 Seeded DCSS version 0.30-a0-930-gb9d0489357 (webtiles) character file.

Game seed: 14888120050964983059 (custom seed)

137928 Pimp the Acrobat (level 17, -15/139 HPs)
             Began as a Merfolk Gladiator on Mar 22, 2023.
             Was the Champion of Cheibriados.
             Shot with an arrow by a deep elf master archer (20 damage)
             ... on level 3 of the Elven Halls on Mar 23, 2023.
             The game lasted 01:43:40 (26458 turns).

Pimp the Acrobat (Merfolk Gladiator)               Turns: 26458, Time: 01:43:42

Health: -15/139    AC: 18    Str: 41    XL:     17   Next: 25%
Magic:  10/32      EV: 44    Int: 25    God:    Cheibriados [******]
Gold:   1777       SH:  0    Dex: 38    Spells: 29/38 levels left

rFire   + . .      SeeInvis .    Q - +5 halberd (heavy)
rCold   + + .      Faith    .    (shield currently unavailable)
rNeg    . . .      Spirit   .    G - +2 steam dragon scales
rPois   +          Reflect  .    N - +1 hat "Hero's Friend" {Str+5}
rElec   +          Rampage  .    t - +2 cloak {Stlth+}
rCorr   +                        g - +2 pair of gloves
Will    +....                    (no boots)
Stlth   ++++                     i - amulet of Coadof Nill {rPois rC+ Regen+}
HPRegen 1.23/turn                m - +6 ring of strength
MPRegen 0.23/turn                p - ring "Ruemuskid" {AC+4 Dex+3}

@: resistant, very slow
A: (nimble swimmer 2), mertail
a: Renounce Religion, Bend Time, Temporal Distortion, Slouch, Step From Time


You were on level 3 of the Elven Halls.
You worshipped Cheibriados.
Cheibriados was exalted by your worship.
You visited 5 branches of the dungeon, and saw 24 of its levels.
You visited the Abyss 1 time.
You visited 1 bazaar.
You also visited: Gauntlet.

You collected 2264 gold pieces.
You spent 487 gold pieces at shops.

Inventory:

Hand Weapons
 d - a +7 glaive of protection
 D - the +11 spear "Siwokh" {vamp, rPois Str-4 Int+3 SInv}
   (You bought it in a shop in a bazaar)

   Str:       It affects your strength (-4).
   Int:       It affects your intelligence (+3).
   rPois:     It protects you from poison.
   SInv:      It lets you see invisible.
 Q - a +5 heavy halberd (weapon)
 U - the +6 war axe of Tounad {drain, rC+ rN+}
   (You found it on level 11 of the Dungeon)

   rC:        It protects you from cold.
   rN:        It protects you from negative energy.
Armour
 a - a +0 kite shield of reflection
 c - a +2 helmet
 g - a +2 pair of gloves (worn)
 s - a +0 buckler
 t - a +2 cloak of stealth (worn)
 x - the -2 hat of the Alchemist {rElec rPois rF+ rC+ rN+ Will+ rMut rCorr}
   (You acquired it on level 4 of the Lair of Beasts)

   rF:        It protects you from fire.
   rC:        It protects you from cold.
   rElec:     It insulates you from electricity.
   rPois:     It protects you from poison.
   rN:        It protects you from negative energy.
   rCorr:     It protects you from acid and corrosion.
   rMut:      It protects you from mutation.
   Will:      It increases your willpower.
 G - +2 steam dragon scales (worn)
 N - the +1 hat "Hero's Friend" (worn) {Str+5}
   (You acquired it on level 8 of the Dungeon)

   Str:       It affects your strength (+5).
Jewellery
 b - a +6 ring of dexterity
 i - the amulet of Coadof Nill (around neck) {rPois rC+ Regen+}
   (You acquired it on level 3 of the Dungeon)

   [amulet of regeneration]

   rC:        It protects you from cold.
   rPois:     It protects you from poison.
   Regen:     It increases your rate of health regeneration.
 k - a ring of willpower
 m - a +6 ring of strength (left hand)
 p - the ring "Ruemuskid" (right hand) {AC+4 Dex+3}
   (You acquired it on level 3 of the Dungeon)

   [ring of protection]

   AC:        It affects your AC (+4).
   Dex:       It affects your dexterity (+3).
 r - a +6 ring of intelligence
 A - the ring of Zucs {rN+ AC+4 Str-5 Int+4 Dex+3}
   (You bought it in a shop in a bazaar)

   [ring of protection]

   AC:        It affects your AC (+4).
   Str:       It affects your strength (-5).
   Int:       It affects your intelligence (+4).
   Dex:       It affects your dexterity (+3).
   rN:        It protects you from negative energy.
 S - a +5 ring of evasion
 T - a ring of flight
 W - a +6 ring of dexterity
 X - a +5 ring of evasion
Wands
 f - a wand of mindburst (10)
 q - a wand of digging (16)
 u - a wand of charming (14)
 H - a wand of quicksilver (16)
 I - a wand of roots (16)
 V - a wand of flame (27)
Scrolls
 e - 9 scrolls of blinking
 l - 3 scrolls of noise
 n - 5 scrolls of magic mapping
 o - 3 scrolls of fog
 v - 2 scrolls of immolation
 y - a scroll of silence
 z - 4 scrolls of poison
 C - 3 scrolls of enchant armour
 E - 4 scrolls of enchant weapon
 F - 3 scrolls of amnesia
 O - 3 scrolls of fear
 Z - 4 scrolls of teleportation
Potions
 h - 12 potions of curing
 j - 2 potions of invisibility
 w - 2 potions of mutation
 B - 4 potions of flight
 J - a potion of resistance
 K - 2 potions of might
 L - 3 potions of brilliance
 M - 3 potions of lignification
 P - a potion of cancellation
 R - a potion of berserk rage
 Y - a potion of heal wounds


   Skills:
 * Level 14.0 Fighting
 - Level 16.0 Polearms
 - Level 10.4 Throwing
 * Level 21.8 Dodging
 - Level 6.0 Shields
 + Level 11.1 Spellcasting
 * Level 8.1 Transmutations
 - Level 6.9 Fire Magic
 - Level 10.0 Poison Magic


You had 29 spell levels left.
You knew the following spells:

 Your Spells              Type           Power      Damage    Failure   Level
a - Poisonous Vapours     Pois/Air       76%        N/A       1%          2
b - Ignite Poison         Fire/Tmut/Pois 53%        N/A       1%          3
c - Olgreb's Toxic Radia  Pois           59%        N/A       1%          4

Your spell library contained the following spells:

 Spells                   Type           Power      Damage    Failure   Level
 Beastly Appendage        Tmut           100%       N/A       1%          1
 Sting                    Tmut/Pois      100%       1d8       1%          1
 Cigotuvi's Dreadful Rot  Necr/Pois/Air  60%        N/A       1%          2
 Wereblood                Tmut           53%        N/A       1%          2
 Spider Form              Tmut/Pois      56%        N/A       1%          3
 Mephitic Cloud           Conj/Pois/Air  30%        N/A       3%          3
 Kiss of Death            Conj/Necr      52%        2d9       4%          1
 Kindle Blastsparks       Fire/Tloc/Air  50%        2d14      5%          3
 Sublimation of Blood     Necr           13%        N/A       7%          2
 Confusing Touch          Hex            13%        N/A       13%         3
 Stone Arrow              Conj/Erth      26%        3d8       13%         3
 Animate Armour           Summ/Erth      26%        N/A       41%         4
 Dispel Undead            Necr           13%        3d9       41%         4
 Fulminant Prism          Conj/Hex       6%         3d7       41%         4
 Iskenderun's Mystic Bla  Conj/Tloc      13%        2d5       41%         4
 Leda's Liquefaction      Hex/Erth       6%         N/A       41%         4
 Freezing Cloud           Conj/Ice/Air   6%         6-21      77%         5
 Lee's Rapid Deconstruct  Erth           6%         3d6*      77%         5
 Summon Forest            Summ/Tloc      6%         N/A       77%         5
 Summon Mana Viper        Hex/Summ       13%        N/A       77%         5
 Statue Form              Tmut/Erth      22%        N/A       77%         6
 Summon Cactus Giant      Summ           6%         N/A       100%        6
 Summon Hydra             Summ           6%         N/A       100%        7
 Lehudib's Crystal Spear  Conj/Erth      6%         10d3      100%        8


Dungeon Overview and Level Annotations

Branches:
Dungeon (13/15)            Temple (1/1) D:6            Lair (5/5) D:10
  Swamp (0/4) Lair:2       Spider (0/4) Lair:2        Slime (0/5) Lair:5
    Orc (2/2) D:9             Elf (3/3) Orc:2        Vaults (0/5) D:13
Gauntlet (visited)

Altars:
Ashenzari
Cheibriados
Dithmenos
Elyvilon
Fedhas
Gozag
Hepliaklqana
Kikubaaqudgha
Makhleb
Nemelex Xobeh
Okawaru
Qazlal
Ru
Sif Muna
Trog
Uskayaw
Vehumet
Wu Jian
Xom
Yredelemnul
Zin
The Shining One

Shops:
D:1 :   D:3 =   D:6 (   D:7 *   D:9 *   Orc:1 [   Orc:2 *?(   Elf:1 ==:*
Elf:2 !

Portals:
Trove: D:11 (give +3 storm dragon scales)


Innate Abilities, Weirdness & Mutations

((You are very nimble when in or above water. (Stealth+, EV+, Speed+++)))
Your lower body shifts to a powerful aquatic tail in water.


Message History

You kill the deep elf master archer!
Cheibriados appreciates the change of pace.
The deep elf master archer looks as sick as possible!
The deep elf annihilator is poisoned.
The deep elf master archer wields a +0 longbow.
The deep elf master archer shoots an arrow.
The arrow hits you!!
* * * LOW HITPOINT WARNING * * *
The deep elf annihilator points at you and mumbles some strange words.
The bolt of lightning hits the earth elemental.
The earth elemental completely resists.
The bolt of lightning hits the earth elemental.
The earth elemental completely resists.
The bolt of lightning misses you.
You hear a shout! x2
Your Fighting skill increases to level 14!
The earth elemental attacks as you move away!
The earth elemental completely misses you.
The deep elf master archer looks as sick as possible!
Your toxic aura wanes.
Some walls begin to move on their own!
You hear a shout! x2
You see here a +0 pair of gloves.
You feel much better.
The deep elf master archer shoots an arrow.
The arrow completely misses you.
The deep elf annihilator mumbles some strange words.
The deep elf annihilator blinks!
The deep elf master archer shoots an arrow.
The arrow misses you.
Reach: Q) +5 halberd (heavy)
Press: ? - help, Dir - move target, f - deep elf master archer
Aim: a deep elf master archer, wielding a +0 longbow and wearing a +0 leather armour (lightly wounded, extremely poisoned, about 31% to evade your +5 heavy halberd)
You reach to attack!
You slash the deep elf master archer!
The deep elf master archer is moderately wounded.
The deep elf master archer shoots an arrow.
The arrow hits you!!
* * * LOW HITPOINT WARNING * * *
The deep elf master archer shoots an arrow.
The arrow hits you!!
You die... #.#eee,*** #.#.###* #.)..# #○...# #°ee.# #○...# ####### ##EEeE#

##)....#######Ee.#
#..........@.eEE.#
######.......##########
....)).....).#
######)......#
######.......#
#...###...."+#* ***
..[...+###+##,****,**
........#*,***,**,,,**
.)......#*,* **+,,,,,**


You could see a deep elf master archer (extremely poisoned), 2 deep elf
annihilators and 5 earth elementals.

Vanquished Creatures
  A deep elf master archer (Elf:3)
  A deep elf blademaster (Elf:2)
  Gastronok (D:8)
  Donald (Elf:3)
  Roxanne (Elf:3)
  2 deep elf sorcerers (Elf:3)
  Louise (Elf:3)
  2 deep elf elementalists (Elf:3)
  The ghost of Cisawen the Cruncher, a journeyman FoCA of Ignis (Lair:4)
  3 deep elf annihilators (Elf:3)
  Azrael (Elf:1)
  A minotaur (Gauntlet)
  A deep elf death mage (Elf:3)
  2 ogre magi (Orc:2)
  5 vault guards
  6 hydras
  2 centaur warriors (D:13)
  4 boulder beetles
  37 dancing weapons
  10 two-headed ogres
  A thrashing horror (Lair:5)
  A fire crab (Gauntlet)
  A large abomination (Lair:5)
  13 deep elf knights
  A skyshark (Lair:4)
  3 skeletal warriors (D:13)
  12 deep elf archers
  2 deep trolls (Orc:2)
  A flayed ghost (D:10)
  Pikel (D:5)
  3 ugly things
  A lindwurm (Lair:3)
  27 deep elf pyromancers
  28 deep elf zephyrmancers
  An oklob plant (Lair:2)
  An orc sorcerer (Orc:1)
  3 cyclopes
  2 manticores (D:13)
  A moth of wrath (Gauntlet)
  6 elephants (Lair:4)
  2 black mambas
  A smoke demon (Lair:5)
  2 gargoyles (D:12)
  5 cane toads
  An unseen horror (D:12)
  An unseen horror (shapeshifter) (Elf:3)
  13 komodo dragons
  A tengu conjurer (D:13)
  2 ancient zymes (Lair:5)
  9 trolls
  A meliai (shapeshifter) (Elf:1)
  3 hornets
  4 polar bears
  A tarantella (shapeshifter) (D:13)
  17 blink frogs
  14 dream sheep (Lair:5)
  4 slime creatures (D:12)
  3 air elementals (Elf:1)
  A water elemental (Elf:1)
  3 shadows (D:10)
  A spriggan (Lair:5)
  A vampire (D:11)
  14 yaks
  7 wraiths
  A ynoxinul (Lair:5)
  6 humans
  4 basilisks (Lair:5)
  6 fire elementals
  2 wyverns
  A basilisk (shapeshifter) (Lair:5)
  3 vampire mosquitoes (D:11)
  4 chaos spawn (Lair:5)
  5 fire bats (Gauntlet)
  3 steam dragons
  3 redbacks (Gauntlet)
  Menkaure (D:7)
  4 wargs
  4 acid dragons
  12 water moccasins
  5 hell hounds
  3 black bears
  4 ice beasts
  7 orc warriors
  7 wolves
  20 ogres
  A boggart (Gauntlet)
  7 centaurs
  2 lemures (D:5)
  2 phantoms (D:4)
  2 kobold brigands
  Blork the orc (D:5)
  10 bullfrogs
  4 earth elementals
  3 scorpions
  5 wights (D:9)
  An electric eel (Lair:1)
  3 howler monkeys (D:9)
  12 small abominations (Lair:5)
  4 hounds
  9 jellies
  9 orc priests
  2 sleepcaps (D:5)
  2 gnoll boudas
  Crazy Yiuf (D:7)
  4 iguanas
  12 orc wizards
  14 gnolls
  5 adders
  2 shadow imps
  3 white imps (D:4)
  2 ufetubi (D:4)
  A worm (D:3)
  7 dart slugs
  32 orcs
  14 bats
  5 endoplasms
  6 giant cockroaches
  7 goblins
  4 hobgoblins
  4 jackals
  16 kobolds
  4 quokkas
  7 ball pythons
  3 frilled lizards
  4 rats
644 creatures vanquished.

Vanquished Creatures (others)
  A human (D:13)
  A warg (Orc:2)
  A sky beast (D:7)
  8 fungi
  17 plants
  3 withered plants
31 creatures vanquished.

Grand Total: 675 creatures vanquished

Notes
Turn   | Place    | Note
-------+----------+-------------------------------------------
     0 | D:1      | Pimp the Merfolk Gladiator began the quest for the Orb.
     0 | D:1      | Reached XP level 1. HP: 16/16 MP: 1/1
   166 | D:1      | Found Fitz's Book Shoppe.
   197 | D:1      | Reached XP level 2. HP: 21/23 MP: 2/2
   712 | D:1      | Found a faded altar of an unknown god.
   778 | D:1      | Reached XP level 3. HP: 28/28 MP: 3/3
  1078 | D:2      | Identified the +2 dagger of Fragile Peace {drain, rN+++
                  | Str+3 Int-3 Dex-3}
  1877 | D:2      | Reached XP level 4. HP: 33/35 MP: 4/4
  2081 | D:3      | Identified 3 scrolls of acquirement
  2081 | D:3      | Acquired a manual of Dodging
  2082 | D:3      | Acquired the amulet of Coadof Nill {rPois rC+ Regen+}
  2083 | D:3      | Acquired the ring "Ruemuskid" {AC+4 Dex+3}
  2172 | D:3      | Found Irhayteu's Jewellery Boutique.
  2217 | D:3      | Reached skill level 5 in Dodging
  2290 | D:3      | Reached skill level 5 in Polearms
  2359 | D:3      | Reached XP level 5. HP: 41/41 MP: 5/5
  2566 | D:4      | Noticed a black bear
  2576 | D:4      | Killed a black bear
  2577 | D:4      | Reached skill level 6 in Dodging
  2688 | D:4      | Reached XP level 6. HP: 36/48 MP: 6/6
  2917 | D:4      | Found a stormy altar of Qazlal.
  3112 | D:4      | Reached skill level 7 in Dodging
  3137 | D:4      | Reached XP level 7. HP: 55/55 MP: 7/7
  3288 | D:4      | Found an ancient bone altar of Kikubaaqudgha.
  3699 | D:5      | Entered Level 5 of the Dungeon
  3889 | D:5      | Reached skill level 8 in Dodging
  3916 | D:5      | Found a shimmering blue altar of Sif Muna.
  3919 | D:5      | Noticed Blork the orc
  3932 | D:5      | Killed Blork the orc
  3933 | D:5      | Reached skill level 5 in Fighting
  4190 | D:5      | Reached XP level 8. HP: 62/62 MP: 8/8
  4214 | D:5      | Reached skill level 9 in Dodging
  4296 | D:5      | Reached skill level 5 in Throwing
  4348 | D:5      | Noticed Pikel
  4388 | D:5      | Killed Pikel
  4389 | D:5      | Reached skill level 10 in Dodging
  4432 | D:5      | Noticed a two-headed ogre
  4808 | D:5      | Reached XP level 9. HP: 19/71 MP: 9/9
  5198 | D:6      | Reached skill level 11 in Dodging
  5466 | D:6      | Found a shadowy altar of Dithmenos.
  5860 | D:6      | Found a staircase to the Ecumenical Temple.
  5872 | Temple   | Entered the Ecumenical Temple
  5927 | Temple   | Became a worshipper of Cheibriados the Contemplative
  6117 | D:6      | Reached skill level 12 in Dodging
  6337 | D:6      | Found Meitoup's Antique Weapon Emporium.
  6688 | D:7      | Noticed a hornet
  6729 | D:7      | Found Gecwes's General Store.
  6783 | D:7      | Killed a hornet
  6784 | D:7      | Reached skill level 13 in Dodging
  6833 | D:7      | Found a hide-covered altar of Uskayaw.
  6875 | D:7      | Reached * piety under Cheibriados
  6986 | D:7      | Upgraded the game from 0.30-a0-924-g0ad0bf95bc to
                  | 0.30-a0-930-gb9d0489357
  7003 | D:7      | Reached skill level 1 in Spellcasting
  7030 | D:7      | Learned a level 2 spell: Poisonous Vapours
  7034 | D:7      | Learned a level 3 spell: Ignite Poison
  7039 | D:7      | Learned a level 4 spell: Olgreb's Toxic Radiance
  7082 | D:7      | Found a runed translucent door.
  7083 | D:7      | Noticed Crazy Yiuf
  7093 | D:7      | Killed Crazy Yiuf
  7094 | D:7      | Reached XP level 10. HP: 78/79 MP: 11/11
  7171 | D:7      | Reached skill level 14 in Dodging
  7234 | D:7      | Noticed Menkaure
  7237 | D:7      | Found a bloodstained altar of Trog.
  7243 | D:7      | Killed Menkaure
  7295 | D:7      | Reached skill level 1 in Poison Magic
  7404 | D:8      | Paralysed by a hornet for 1 turns
  7491 | D:8      | Reached skill level 1 in Fire Magic
  7521 | D:8      | Noticed Gastronok
  7575 | D:8      | Killed Gastronok
  7642 | D:8      | Identified the +3 chain mail "Lowkyit" {rElec rN+++ Int-2}
  7687 | D:8      | Acquired the +1 hat "Hero's Friend" {Str+5}
  8296 | D:9      | Found a hazy altar of Hepliaklqana.
  8373 | D:9      | Reached skill level 15 in Dodging
  8443 | D:9      | Found a staircase to the Orcish Mines.
  8482 | D:9      | Reached ** piety under Cheibriados
  8495 | D:9      | Reached skill level 10 in Polearms
  8590 | D:9      | Found an opulent altar of Gozag.
  8594 | D:9      | Found Gozag's Platinum Reserve.
  8795 | D:9      | Found a burning altar of Makhleb.
  8942 | D:10     | Entered Level 10 of the Dungeon
  8951 | D:10     | Found an iron altar of Okawaru.
  9074 | D:10     | Found a staircase to the Lair.
  9118 | D:10     | Found a runed translucent door.
  9121 | D:10     | Found a hide-covered altar of Uskayaw.
  9138 | D:10     | Noticed a flayed ghost
  9182 | D:10     | Found a basalt altar of Yredelemnul.
  9214 | D:10     | Found a snail-covered altar of Cheibriados.
  9239 | D:10     | Reached XP level 11. HP: 81/86 MP: 16/16
  9251 | D:10     | Found an opulent altar of Gozag.
  9267 | D:10     | Found a sacrificial altar of Ru.
  9269 | D:10     | Reached *** piety under Cheibriados
  9365 | D:10     | Found a hide-covered altar of Uskayaw.
  9535 | D:10     | Killed a flayed ghost
  9582 | D:11     | Noticed a two-headed ogre
  9585 | D:11     | Noticed a boulder beetle
  9596 | D:11     | Killed a two-headed ogre
  9599 | D:11     | Killed a boulder beetle
  9600 | D:11     | Reached skill level 16 in Dodging
  9734 | D:11     | Identified the +6 war axe of Tounad {drain, rC+ rN+}
  9791 | D:11     | Found a portal to a secret trove of treasure.
  9791 | D:11     | Noticed a two-headed ogre
  9833 | D:11     | Reached skill level 5 in Poison Magic
  9860 | D:11     | Killed a two-headed ogre
  9869 | D:11     | Noticed a cyclops
  9884 | D:11     | Killed a cyclops
 10432 | D:12     | Reached skill level 5 in Spellcasting
 10447 | D:12     | Reached **** piety under Cheibriados
 10659 | D:12     | Noticed a brown ugly thing
 10680 | D:12     | Killed a brown ugly thing
 10681 | D:12     | Reached skill level 17 in Dodging
 10681 | D:12     | Reached XP level 12. HP: 94/94 MP: 19/19
 10988 | D:12     | Noticed a boulder beetle
 10996 | D:12     | Killed a boulder beetle
 11172 | D:12     | Noticed a boulder beetle
 11181 | D:12     | Killed a boulder beetle
 11542 | D:13     | Found a sparkling altar of Nemelex Xobeh.
 11607 | D:13     | Noticed a centaur warrior
 11618 | D:13     | Killed a centaur warrior
 11935 | D:13     | Reached skill level 18 in Dodging
 11947 | D:13     | Noticed a centaur warrior
 11960 | D:13     | Killed a centaur warrior
 12038 | D:13     | Reached skill level 5 in Fire Magic
 12088 | D:13     | Noticed a vault guard
 12095 | D:13     | Noticed a vault guard
 12108 | D:13     | Noticed a vault guard
 12117 | D:13     | Killed a vault guard
 12139 | D:12     | Killed a vault guard
 12412 | D:13     | Killed a vault guard
 12412 | D:13     | Reached ***** piety under Cheibriados
 12413 | D:13     | Reached XP level 13. HP: 82/101 MP: 5/23
 12667 | D:13     | Noticed a vault guard
 12676 | D:13     | Killed a vault guard
 12760 | D:13     | Noticed a vault guard
 12769 | D:13     | Killed a vault guard
 12868 | D:13     | Found a gate to the Vaults.
 13208 | Lair:1   | Entered Level 1 of the Lair of Beasts
 13250 | Lair:1   | Identified the +4 morningstar of Faoxtyus {freeze, rCorr}
 13501 | Lair:1   | Found a gate leading to a gauntlet.
 13508 | Gauntlet | Entered a Gauntlet
 13508 | Gauntlet | Found a transporter.
 13508 | Gauntlet | Found a transporter.
 13508 | Gauntlet | Found a transporter.
 13509 | Gauntlet | Found a transporter.
 13512 | Gauntlet | Found a transporter.
 13516 | Gauntlet | Found a transporter.
 13526 | Gauntlet | Found a transporter.
 13619 | Gauntlet | Found a transporter.
 13621 | Gauntlet | Found a transporter.
 13633 | Gauntlet | Found a transporter.
 13634 | Gauntlet | Found a transporter.
 13640 | Gauntlet | Found a transporter.
 13884 | Gauntlet | Reached skill level 19 in Dodging
 13960 | Gauntlet | Noticed a minotaur
 13966 | Gauntlet | Killed a minotaur
 14900 | Lair:2   | Found a staircase to the Swamp.
 15542 | Lair:2   | Found a hole to the Spider Nest.
 16596 | Lair:3   | Reached skill level 10 in Fighting
 16762 | Lair:3   | Reached ****** piety under Cheibriados
 17280 | Lair:4   | Reached XP level 14. HP: 110/110 MP: 25/25
 17613 | Lair:4   | Acquired the -2 hat of the Alchemist {rElec rPois rF+ rC+
                  | rN+ Will+ rMut rCorr}
 17613 | Lair:4   | Found the -2 hat of the Alchemist {rElec rPois rF+ rC+ rN+
                  | Will+ rMut rCorr}
 18044 | Lair:4   | Found a runed translucent gate.
 18044 | Lair:4   | Found a runed translucent gate.
 18045 | Lair:4   | Found a runed translucent gate.
 18047 | Lair:4   | Noticed Cisawen's ghost (journeyman FoCA)
 18076 | Lair:4   | Killed Cisawen's ghost
 18285 | Lair:5   | Entered Level 5 of the Lair of Beasts
 18434 | Lair:5   | Found a staircase to the Slime Pits.
 18698 | Lair:5   | Reached skill level 10 in Poison Magic
 19072 | Lair:5   | Reached skill level 1 in Shields
 19445 | Lair:5   | Identified the +4 steam dragon scales of a ziggurat {rN+}
 20276 | Lair:5   | Reached skill level 20 in Dodging
 20380 | Orc:1    | Entered Level 1 of the Orcish Mines
 20503 | Orc:1    | Paralysed by an orc sorcerer for 5 turns
 20608 | Orc:1    | Found Xuyxol's Antique Armour Shoppe.
 20760 | Orc:1    | Found a bloodstained altar of Trog.
 20961 | Orc:2    | Entered Level 2 of the Orcish Mines
 21004 | Orc:2    | Found Fovvurex's Assorted Antiques.
 21012 | Orc:2    | Reached XP level 15. HP: 118/118 MP: 2/28
 21161 | Orc:2    | Found Idaischi's Magic Scroll Boutique.
 21164 | Orc:2    | Bought a fizzy silvery potion for 25 gold pieces
 21166 | Orc:2    | Found Qegoex's Jewellery Shoppe.
 21174 | Orc:2    | Found Hamal's Weapon Emporium.
 21275 | Orc:2    | Reached skill level 10 in Throwing
 21277 | Orc:2    | Found a staircase to the Elven Halls.
 22050 | Elf:1    | Entered Level 1 of the Elven Halls
 22710 | Elf:1    | Reached skill level 5 in Shields
 22872 | Elf:1    | Paralysed by an air elemental for 1 turns
 22875 | Elf:1    | Paralysed by an air elemental for 1 turns
 23044 | Elf:1    | Reached skill level 10 in Spellcasting
 23316 | Elf:1    | Noticed Azrael
 23341 | Elf:1    | Killed Azrael
 23437 | Abyss:3  | Cast into level 3 of the Abyss (+1 battleaxe of distortion)
 23454 | Elf:1    | Escaped the Abyss
 23515 | Elf:1    | Reached XP level 16. HP: 126/127 MP: 18/30
 23692 | Elf:1    | Found Antya's Assorted Antiques.
 23702 | Elf:1    | Bought a potion of heal wounds for 180 gold pieces
 23889 | Elf:1    | Found Feis Fin's Book Boutique.
 23889 | Elf:1    | Found Ibooty's Jewellery Emporium.
 23890 | Elf:1    | Found Totaivott's Jewellery Emporium.
 24148 | Elf:2    | Reached skill level 1 in Transmutations
 24258 | Elf:2    | Reached skill level 15 in Polearms
 24307 | Elf:2    | Found Rimadgh's Distillery.
 24460 | Elf:2    | Found a runed translucent gate.
 24460 | Elf:2    | Found a runed translucent gate.
 24461 | Elf:2    | Found a runed translucent gate.
 25291 | Elf:2    | Reached skill level 21 in Dodging
 25302 | Elf:2    | HP: 2/124 [+0 battleaxe of electrocution (13)]
 25454 | Elf:2    | Reached skill level 5 in Transmutations
 25507 | Elf:2    | Noticed a deep elf blademaster
 25514 | Elf:2    | Killed a deep elf blademaster
 25753 | Elf:3    | Entered Level 3 of the Elven Halls
 25842 | Elf:3    | Found a flickering gateway to a bazaar.
 25851 | Bazaar   | Entered a bazaar
 25851 | Bazaar   | Found Raupis's Book Boutique.
 25851 | Bazaar   | Found Itinair's Jewellery Emporium.
 25868 | Bazaar   | Found Joapnas's Assorted Antiques.
 25879 | Bazaar   | Bought an ancient lapis lazuli ring for 90 gold pieces
 25879 | Bazaar   | Identified the ring of Zucs {rN+ AC+4 Str-5 Int+4 Dex+3}
                  | (You bought it in a shop in a bazaar)
 25887 | Bazaar   | Found Moginer's Assorted Antiques.
 25891 | Bazaar   | Found Myot's Antique Weapon Shop.
 25894 | Bazaar   | Bought a transparent spear for 192 gold pieces
 25894 | Bazaar   | Identified the +11 spear "Siwokh" {vamp, rPois Str-4 Int+3
                  | SInv} (You bought it in a shop in a bazaar)
 26018 | Elf:3    | Noticed Donald
 26025 | Elf:3    | Killed Donald
 26174 | Elf:3    | Reached XP level 17. HP: 127/137 MP: 13/31
 26260 | Elf:3    | Noticed Roxanne
 26272 | Elf:3    | Killed Roxanne
 26295 | Elf:3    | Noticed Louise
 26313 | Elf:3    | Killed Louise
 26440 | Elf:3    | Noticed a deep elf master archer
 26443 | Elf:3    | Noticed a deep elf master archer
 26455 | Elf:3    | Killed a deep elf master archer
 26458 | Elf:3    | HP: 5/139 [deep elf master archer/arrow (32)]
 26458 | Elf:3    | Shot with an arrow by a deep elf master archer

Illustrated notes

Levels and vault maps discovered:
D:1:      elethiomel_arrival_maze, layout_loops_ring, serial_shops,
          nicolae_lakefront_shop, hellmonk_ecumenical_altar_arch_garden,
          nicolae_concentric_dashed_squares_mild
D:2:      layout_basic
D:3:      layout_basic, serial_shops, nicolae_shop_stone
D:4:      minmay_chambers_of_threes, layout_loops_corners,
          mainiacjoe_overflow_surrounded_room, kiku_gazebo_garden_becter,
          serial_demonic, serial_demonic_c, serial_demonic_b, serial_demonic_e,
          serial_demonic_e, kennysheep_nondescript
D:5:      kennysheep_big_flooded_room, layout_gridville, lemuel_tele_altar,
          uniq_pikel, uniq_blork_the_orc
D:6:      layout_cave_pods, mainiacjoe_overflow_tiny_flanked,
          minmay_temple_entry_proselytizer, serial_shops, nicolae_stop_n_shop_2,
          nrook_mini_vaults
D:7:      layout_loops_ring, chequers_temple_overflow_statue_of_worship,
          serial_shops, nicolae_square_shop, uniq_menkaure,
          uniq_crazy_yiuf_cottage
D:8:      layout_basic, uniq_gastronok
D:9:      layout_basic, lightli_temple_of_fire, kennysheep_mini_moat,
          nicolae_gozag_zags_fifth_avenue, serial_aquarium,
          aquarium_bridge_square [aquarium_subvault_bridge,
          aquarium_subvault_bridge, aquarium_subvault_window,
          aquarium_subvault_balcony], aquarium_bridge_square
          [aquarium_subvault_wall, aquarium_subvault_balcony,
          aquarium_subvault_bridge, aquarium_subvault_bridge],
          aquarium_window_corridor_3, aquarium_window_2, aquarium_window_1,
          aquarium_window_fake, aquarium_view_2d, aquarium_pool_2
D:10:     due_megacathedral, layout_cross, old_standard_altar
D:11:     layout_layer_cave, nicolae_trove_entry_free_sample
D:12:     layout_loops_ring
D:13:     layout_loops_cross, ximxim_vaults_locker_room,
          nemelex_lonely_heart_becter
Temple:   minmay_temple_bridge_abc
Lair:1:   layout_long_grid, gauntlet_entry_generic, beast_lair_carwin_6,
          infiniplex_staircase_pool, serial_bayou_shore_a
Lair:2:   layout_layer_cave, swamp_mist_pool, spider_nest_entry_web_field,
          serial_bayou_shore_b, lemuel_fruit_fields
Lair:3:   layout_loops_ring
Lair:4:   layout_cave_pods, gammafunk_ghost_hydra_chop, minivault_27
Lair:5:   hellmonk_lair_end_abyssal_woods, layout_misc_corridors,
          nicolae_slime_entry_field_trip, st_stairs_10
Orc:1:    layout_caves, serial_shops, shop, basic_altar
Orc:2:    st_orc_open, layout_diamond_mine
Elf:1:    minmay_elf_arrival_circle, layout_loops_corners, serial_shops,
          nicolae_shop_waterfront, evilmike_minifort, grunt_ministairs_6,
          minmay_shop_grove, uniq_azrael
Elf:2:    nicolae_elf_blades_splatter_lattice [nicolae_blade_entry_antechamber],
          layout_loops_corners, serial_shops, nicolae_stop_n_shop_1
Elf:3:    minmay_elf_hall_quartered_circle, layout_geoelf_diagonals,
          serial_shops, bzr_firewalk, uniq_roxanne, uniq_donald, uniq_louise

Skill      XL: |  1  2  3  4  5  6  7  8  9 10 11 12 13 14 15 16 17 |
---------------+----------------------------------------------------+-----
Fighting       | 3 4 5 6 7 8 9 10 11 12 13 14 | 14.0
Dodging        | 5 6 7 8 10 13 15 17 18 19 20 21 | 21.8
Throwing       | 3 4 6 7 8 9 10 | 10.4
Polearms       | 5 6 8 9 10 11 12 13 14 16 | 16.0
Spellcasting   | 1 3 5 6 7 9 10 11 | 11.1
Poison Magic   | 3 6 7 9 10 | 10.0
Fire Magic     | 2 4 5 6 |  6.9
Shields        | 3 6 |  6.0
Transmutations | 7 8 |  8.1

Action                     |  1- 3 |  4- 6 |  7- 9 | 10-12 | 13-15 | 16-18 || total
---------------------------+-------+-------+-------+-------+-------+-------++-------
  Melee: Trident           |   105 |   168 |   449 |   809 |   951 |       ||  2482
         Punch             |     2 |     5 |     6 |    20 |       |       ||    33
         Tailslap          |       |       |       |       |     9 |       ||     9
         Halberd           |       |       |       |       |    38 |   144 ||   182
  Throw: Throwing net      |       |       |     3 |       |       |     1 ||     4
   Cast: Poisonous Vapours |       |       |       |    26 |    29 |     8 ||    63
         Ignite Poison     |       |       |       |    20 |    60 |    36 ||   116
         Olgreb's Toxic Ra |       |       |       |    16 |    86 |    38 ||   140
  Evoke: Wand              |       |       |       |       |     2 |       ||     2
    Use: Scroll            |     5 |     9 |     5 |     3 |    21 |     3 ||    46
         Potion            |       |       |     3 |     1 |     4 |     9 ||    17
   Stab: Distracted        |     1 |       |       |       |       |       ||     1
         Sleeping          |       |     2 |       |     8 |    12 |     2 ||    24
         Held in net/web   |       |       |     3 |       |       |       ||     3
 Armour: Leather armour    |    38 |    26 |       |       |       |       ||    64
         Ring mail         |       |    21 |   145 |       |       |       ||   166
         Steam dragon scal |       |       |     2 |   166 |   197 |    36 ||   401
  Dodge: Dodged            |    76 |   117 |   399 |  1038 |  1712 |   314 ||  3656
  Block: Buckler           |       |       |       |    17 |   436 |       ||   453

Table legend: (Time is in decaauts)
 A = Elapsed time spent in this place.
 B = Non-inter-level travel time spent in this place.
 C = Inter-level travel time spent in this place.
 D = Time resting spent in this place.
 E = Time spent auto-exploring this place.
 F = Levels seen in this place.
 G = Mean time per level.
                   A        B        C        D        E       F      G
               +--------+--------+--------+--------+--------+-----+--------+
         Total |  36620 |  34106 |   2514 |   4182 |  21398 |  27 | 1356.3 |
       Dungeon |  15548 |  14591 |    957 |   1695 |   9253 |  13 | 1196.0 |
        Temple |     72 |     49 |     23 |      0 |     23 |   1 |   72.0 |
          Lair |  10667 |  10035 |    632 |   1147 |   7115 |   5 | 2133.4 |
  Orcish Mines |   2769 |   2459 |    310 |    226 |   1745 |   2 | 1384.5 |
   Elven Halls |   6487 |   5896 |    591 |    985 |   3246 |   3 | 2162.3 |
         Abyss |     31 |     31 |      0 |      0 |      0 |   1 |   31.0 |
        Bazaar |    203 |    203 |      0 |      0 |     14 |   1 |  203.0 |
      Gauntlet |    838 |    838 |      0 |    128 |      0 |   1 |  838.0 |
               +--------+--------+--------+--------+--------+-----+--------+

Top non-repeatable levels by time:
   Elf:1: 2936 daAuts
   Elf:2: 2708 daAuts
  Lair:5: 2657 daAuts
  Lair:2: 2376 daAuts
  Lair:4: 2069 daAuts
   Orc:2: 1922 daAuts
    D:13: 1921 daAuts
  Lair:1: 1895 daAuts
    D:12: 1765 daAuts
  Lair:3: 1668 daAuts
     D:5: 1432 daAuts
     D:6: 1417 daAuts
     D:8: 1188 daAuts
     D:4: 1184 daAuts
     D:9: 1142 daAuts
